 Dungeon Crawl Stone Soup version 0.21.1-1-g345015fe64 (webtiles) character file.

173 Jyngge the Shield-Bearer (level 5, 0/47 HPs)
             Began as a Minotaur Fighter on June 23, 2018.
             Slain by an orc
             ... wielding a +0 whip
              (1 damage)
             ... on level 3 of the Dungeon.
             The game lasted 00:05:24 (2085 turns).

Jyngge the Shield-Bearer (Minotaur Fighter)         Turns: 2085, Time: 00:05:25

Health: 0/47       AC:  7    Str: 21    XL:     5   Next: 28%
Magic:  4/4        EV:  7    Int:  5    God:
Gold:   92         SH:  9    Dex: 10    Spells: 4/4 levels left

rFire    . . .     SeeInvis .   a - +0 war axe
rCold    . . .     Gourm    .   c - +0 shield
rNeg     . . .     Faith    .   b - +0 scale mail
rPois    .         Spirit   .   (helmet restricted)
rElec    .         Reflect  .   (no cloak)
rCorr    .         Harm     .   (no gloves)
MR       .....                  (no boots)
Stlth    ..........             (no amulet)
HPRegen  0.15/turn              (no ring)
MPRegen  0.09/turn              (no ring)

@: no status effects
A: retaliatory headbutt, horns 2
a: no special abilities


You were on level 3 of the Dungeon.
You were not hungry.

You visited 1 branch of the dungeon, and saw 3 of its levels.

You collected 92 gold pieces.

Inventory:

Hand Weapons
 a - a +0 war axe (weapon)
 l - a +0 hunting sling
Missiles
 g - 55 stones (quivered)
Armour
 b - a +0 scale mail (worn)
 c - a +0 shield (worn)
 h - a +0 pair of gloves
Scrolls
 e - 2 scrolls of teleportation {unknown}
 j - a scroll of amnesia {unknown}
 k - a scroll of remove curse {unknown}
 m - a scroll of enchant armour {unknown}
 o - 2 scrolls of identify {unknown}
Potions
 d - 2 potions of might
 i - a potion of curing {unknown}
 n - 2 potions of cancellation {unknown}
Comestibles
 f - 2 rations


   Skills:
 + Level 4.3 Fighting
 + Level 4.5 Axes
 + Level 4.5 Armour
 + Level 0.5 Dodging
 + Level 4.7 Shields


You had 4 spell levels left.
You didn't know any spells.

Dungeon Overview and Level Annotations

Branches:
Dungeon (3/15)

Altars:
Gozag
Wu Jian


Innate Abilities, Weirdness & Mutations

You reflexively headbutt those who attack you in melee.
You have a pair of horns on your head.


Message History

Things that are here:
a club; a hobgoblin corpse You hit the orc priest.
The orc priest is heavily wounded.
You hit the orc but do no damage.
The orc priest invokes the aid of Beogh against you.
Pain shoots through your body! You block the orc's attack.
The orc priest invokes the aid of Beogh against you.
Beogh smites you!
The orc priest calls down the wrath of Beogh upon you.
Beogh smites you!
* * * LOW HITPOINT WARNING * * *
The orc hits you with a mace.
* * * LOW HITPOINT WARNING * * *
You closely miss the orc. x2
The orc priest calls upon Beogh to heal the orc priest.
The orc priest is healed somewhat.
The orc hits you with a mace.
* * * LOW HITPOINT WARNING * * *
The orc hits you with a whip.
You die...

#.#.)......# #.#.##.###.#
#.#. #.#.##.# .#.#
#......###.. #...
##.........# #...
######.....###.#
#...####..........## .#
#......o..##.......##.###
####....###@.##.......#.....
.......r.ooo.##.##..........
.........o...##.##..........
........[....##.##.#.##.....
####......!..##......# .....
#...###########.### #####
#... #.# #... #.# #...


You could see 2 orc priests, 3 orcs and a rat.

Vanquished Creatures
  The ghost of RepoMan the Magician, an amateur DrWz (D:3)
  6 adders
  A leopard gecko (D:2)
  3 giant cockroaches
  2 goblins
  4 hobgoblins
  3 jackals (D:1)
  2 quokkas
  2 ball pythons
  3 bats
  4 frilled lizards (D:1)
  10 kobolds
  2 rats
43 creatures vanquished.

Notes
Turn   | Place    | Note
-------+----------+-------------------------------------------
     0 | D:1      | Jyngge the Minotaur Fighter began the quest for the Orb.
     0 | D:1      | Reached XP level 1. HP: 19/19 MP: 0/0
   163 | D:1      | Reached XP level 2. HP: 25/27 MP: 1/1
   883 | D:2      | Reached XP level 3. HP: 28/33 MP: 2/2
  1097 | D:2      | Found an ornate altar of the Wu Jian Council.
  1289 | D:2      | Reached XP level 4. HP: 40/40 MP: 3/3
  1524 | D:3      | Noticed RepoMan's ghost (amateur DrWz)
  1874 | D:3      | Killed RepoMan's ghost
  1874 | D:3      | Reached XP level 5. HP: 26/47 MP: 4/4
  1950 | D:3      | Found an opulent altar of Gozag.
  2083 | D:3      | HP: 2/47 [orc priest/divine providence (13)]
  2085 | D:3      | Slain by an orc

Skill      XL: |  1  2  3  4 |
---------------+-------------+-----
Shields        | 4 |  4.7
Fighting       | 4 |  4.3
Axes           | 3 4 |  4.5
Armour         | 4 |  4.5
Dodging        | |  0.5

Action                   |  1- 3 |  4- 6 || total
-------------------------+-------+-------++-------
Melee: War axe           |    96 |    44 ||   140
       Headbutt          |     8 |    10 ||    18
Throw: Stone             |     2 |       ||     2
  Eat: Chunk             |     1 |     3 ||     4
Armor: Scale mail        |    52 |    21 ||    73
Dodge: Dodged            |    35 |    10 ||    45
Block: Shield            |    58 |    15 ||    73
